 Dungeon Crawl Stone Soup version bcrawl-1.12-11-gb93c957c58 (webtiles) character file.

Game seed: 11304533828502139263

7614 Chiseanne the Fighter (level 10, -4/99 HPs)
             Began as a Pale Draconian Archaeologist on July 10, 2019.
             Was an Initiate of Gozag.
             Slain by a two-headed ogre
             ... wielding a +0 giant club
              (27 damage)
             ... on level 8 of the Dungeon.
             The game lasted 00:36:29 (10685 turns).

Chiseanne the Fighter (DrAc)                       Turns: 10685, Time: 00:36:31

Health: -4/99      AC: 15    Str: 14    XL:     10   Next: 98%
Magic:  10/10      EV: 12    Int: 15    God:    Gozag
Gold:   329        SH: 14    Dex: 14    Spells: 9/9 levels left

rFire    + . .     SeeInvis .   a - +3 spear (venom)
rCold    + . .     Gourm    .   K - +2 shield {AC+3}
rNeg     . . .     Faith    .   (armour unavailable)
rPois    .         Spirit   .   p - +1 hat
rElec    .         Reflect  .   (no cloak)
rCorr    .         Harm     .   c - +1 pair of gloves
MR       .....                  b - +1 pair of boots
Stlth    ++........             h - amulet of magic regeneration
HPRegen  0.26/turn              i - ring of protection from fire
MPRegen  0.37/turn              B - ring of protection from cold

@: short of breath
A: breathe steam, unfitting armour, agile 1, wild magic 1, cold-blooded, AC +7
a: Breathe Steam, Potion Petition, Call Merchant, Bribe Branch, Renounce
Religion


You were on level 8 of the Dungeon.
You worshipped Gozag.
Gozag was aware of your devotion.
You were not hungry.

You visited 2 branches of the dungeon, and saw 9 of its levels.
You also visited: Sewer.

You collected 1446 gold pieces.
You spent 236 gold pieces at shops.
You paid 881 gold pieces to Gozag.

Inventory:

Hand Weapons
 a - a +3 spear of venom (weapon)
 d - a +1 flail of draining
 k - the +5 falchion of the Asp {slice, rC+++ MR- MP+9 Stlth+, unknown}
   (You found it on level 6 of the Dungeon)

   It inflicts extra damage upon your enemies.
   It renders you almost immune to cold.
   It affects your resistance to hostile enchantments.
   It affects your magic capacity (+9).
   It makes you more stealthy.
 s - a +2 dagger of electrocution
 w - the +6 Scorpio {venom, beckon}

   It poisons the ammo it fires.
 F - a cursed +2 hand axe of chopping
Missiles
 l - 433 sling bullets
 n - 354 tomahawks (quivered)
 r - 185 poisoned needles
 G - 19 curare-tipped needles
 H - 113 bolts
Armour
 b - a +1 pair of boots (worn)
 c - a +1 pair of gloves (worn)
 p - a +1 hat (worn)
 K - a +2 shield of protection (worn)
Jewellery
 h - an amulet of magic regeneration (around neck)
 i - a ring of protection from fire (left hand)
 j - an uncursed amulet of guardian spirit {unknown}
 B - a ring of protection from cold (right hand)
 D - an uncursed ring of magical power
 E - an uncursed ring of positive energy {unknown}
Wands
 u - a wand of digging (10)
 x - a wand of random effects (11)
 y - a wand of polymorph (3)
 z - a wand of disintegration (21)
Scrolls
 g - a scroll of fog
 v - 2 scrolls of immolation
 A - 4 scrolls of teleportation
 L - a scroll of fear
Potions
 e - a potion of ambrosia {unknown}
 m - 3 potions of degeneration {unknown}
 o - 3 potions of flight {unknown}
 q - 3 potions of might
 t - a potion of heal wounds
 C - a potion of agility {unknown}
 I - 2 potions of haste {unknown}
 J - 2 potions of lignification {unknown}
Comestibles
 f - 9 rations {!d}


   Skills:
 * Level 12.4 Fighting
 - Level 6.5 Crossbows
 - Level 2.6 Dodging
 - Level 3.0 Stealth
 * Level 11.0 Shields


You had 9 spell levels left.
You didn't know any spells.
Your spell library contained the following spells:

 Spells                   Type           Power        Failure   Level  Hunger
 Beastly Appendage        Tmut           #.....       50%         1    ##.....
 Sticks to Snakes         Tmut           #.......     65%         2    ###....
 Spider Form              Tmut/Pois      #.........   86%         3    ####...
 Ice Form                 Ice/Tmut       #.......     99%         4    #####..
 Blade Hands              Tmut           #.........   100%        5    ######.


Dungeon Overview and Level Annotations

Branches:
Dungeon (8/12)             Temple (1/1) D:5
   Lair: D:7-10         Orc: D:8-11

Altars:
Ashenzari
Cheibriados
Dithmenos
Elyvilon
Fedhas
Gozag
Hepliaklqana
Kikubaaqudgha
Lugonu
Makhleb
Nemelex Xobeh
Okawaru
Qazlal
Ru
Sif Muna
Trog
Uskayaw
Vehumet
Wu Jian
Xom
Yredelemnul
Zin
The Shining One

Shops:
D:7 (   D:8 [

Annotations:
D:3 1 runed translucent door, flt's ghost, amateur MfAc


Innate Abilities, Weirdness & Mutations

You can breathe blasts of scalding, opaque steam.
Your pale cyan-grey scales are hard. (AC +7)
You cannot fit into any form of body armour.
You are cold-blooded and may be slowed by cold attacks.
You are agile. (Dex +2)
Your spells are a little harder to cast, but a little more powerful.


Message History

The two-headed ogre closely misses you. You block the two-headed ogre's attack.
You puncture the two-headed ogre!
The two-headed ogre is moderately wounded.
You hit the two-headed ogre but do no damage.
The two-headed ogre is moderately wounded.
The two-headed ogre hits you with a +0 giant club!!
* * * LOW HITPOINT WARNING * * *
The two-headed ogre hits you with a +0 giant spiked club.
* * * LOW HITPOINT WARNING * * *
Press: ? - help, Shift-Dir - straight line, f/p - two-headed ogre
Aim: a two-headed ogre, wielding a +0 giant club and a +0 giant spiked club (heavily wounded, poisoned)
You exhale a blast of scalding steam.
The ball of steam hits the two-headed ogre.
The two-headed ogre is severely wounded.
You feel somewhat more hungry.
The two-headed ogre is engulfed in a cloud of scalding steam.
The two-headed ogre barely misses you.
The two-headed ogre hits you with a +0 giant spiked club!!
You die...
Your body crumbles into a pile of gold.

≈♣≈# #.# ≈### #.# #.#
## #.# #.# #.# ##.##
#.# ##...## #.#
#.....# #.# #...#
#.############.#####.#
#....@O§.............#
######################


You could see a two-headed ogre.

Vanquished Creatures
  A cyclops (D:8)
  A troll (D:8)
  2 hippogriffs
  A wyvern (D:8)
  3 hungry ghosts
  13 yaks (D:8)
  A water moccasin (D:8)
  3 orc warriors
  2 sky beasts (D:8)
  2 ice beasts
  3 ogres
  3 phantoms
  3 centaurs
  A necrophage (D:5)
  A wolf (D:6)
  A crocodile (D:6)
  3 big kobolds
  A bullfrog (D:5)
  3 scorpions
  3 killer bees (D:5)
  3 wights (D:6)
  6 electric eels (D:8)
  2 howler monkeys (D:8)
  A crimson imp (D:3)
  A quasit (D:7)
  A centaur zombie (D:6)
  2 bullfrog skeletons
  3 hounds
  7 orc wizards
  2 orc priests
  4 centaur skeletons
  3 iguanas
  6 worker ants
  A hound skeleton (D:5)
  2 hound zombies (D:8)
  A howler monkey zombie (D:5)
  10 adders
  4 gnolls (D:6)
  2 shadow imps
  2 adder zombies
  An adder skeleton (D:4)
  7 worms
  A dart slug (D:3)
  7 leopard geckos
  30 orcs
  4 ball pythons
  5 bats
  2 giant cockroaches
  7 goblins
  3 hobgoblins
  7 jackals
  5 quokkas
  6 frilled lizards
  A jackal skeleton (D:6)
  23 kobolds
  10 rats
  A plant (D:8)
234 creatures vanquished.

Vanquished Creatures (others)
  2 plants
2 creatures vanquished.

Grand Total: 236 creatures vanquished

Notes
Turn   | Place    | Note
-------+----------+-------------------------------------------
     0 | D:1      | Chiseanne the Draconian Archaeologist began the quest for
                  | the Orb.
     0 | D:1      | Reached XP level 1. HP: 16/16 MP: 1/1
   159 | D:1      | Reached skill level 2 in Fighting
   189 | D:1      | Reached XP level 2. HP: 23/25 MP: 2/2
   797 | D:2      | Reached skill level 3 in Fighting
   821 | D:2      | Reached XP level 3. HP: 26/33 MP: 3/3
   834 | D:2      | Reached skill level 1 in Crossbows
  1076 | D:2      | Reached XP level 4. HP: 30/40 MP: 4/4
  1835 | D:3      | Found a runed translucent door.
  1835 | D:3      | Noticed flt's ghost (amateur MfAc)
  1843 | D:3      | Found a faded altar of an unknown god.
  2006 | D:3      | Reached XP level 5. HP: 41/46 MP: 5/5
  2187 | D:3      | Reached skill level 5 in Crossbows
  2414 | D:4      | Found a glowing drain.
  2448 | Sewer    | Entered a sewer
  2617 | Sewer    | Reached XP level 6. HP: 11/52 MP: 6/6
  2876 | Sewer    | Found a white marble altar of Elyvilon.
  2978 | D:4      | Reached skill level 4 in Fighting
  3018 | D:4      | Reached skill level 1 in Shields
  3647 | D:5      | Entered Level 5 of the Dungeon
  3649 | D:5      | Noticed an ice beast
  3669 | D:5      | Killed an ice beast
  3669 | D:5      | Your scales start taking on a pale cyan-grey colour.
  3669 | D:5      | Reached XP level 7. HP: 60/60 MP: 7/7
  3686 | D:5      | Reached skill level 5 in Fighting
  4022 | D:5      | HP: 1/61 [orc warrior/+0 war axe of electrocution (18)]
  4385 | D:5      | Reached skill level 6 in Fighting
  4426 | D:5      | Reached XP level 8. HP: 26/71 MP: 8/8
  4876 | D:5      | Reached skill level 5 in Shields
  4927 | D:5      | Found a staircase to the Ecumenical Temple.
  4943 | D:5      | Reached skill level 7 in Fighting
  4962 | Temple   | Entered the Ecumenical Temple
  5043 | Temple   | Became a worshipper of Gozag Ym Sagoz the Greedy
  5618 | D:6      | Found a burning altar of Makhleb.
  5698 | D:6      | Reached skill level 8 in Fighting
  5729 | D:6      | Found a hide-covered altar of Uskayaw.
  6032 | D:6      | Got an encrusted falchion
  6052 | D:6      | Reached XP level 9. HP: 69/82 MP: 9/9
  6524 | D:6      | Reached skill level 9 in Fighting
  6834 | D:7      | Gained mutation: Your spells are a little harder to cast,
                  | but a little more powerful. [potion of mutation]
  6834 | D:7      | Gained mutation: You are agile. (Dex +2) [potion of
                  | mutation]
  7177 | D:7      | Found Imythaci's Antique Weapon Shoppe.
  8001 | D:7      | Reached skill level 10 in Fighting
  8582 | D:8      | Reached XP level 10. HP: 16/94 MP: 10/10
  9088 | D:8      | Reached skill level 11 in Fighting
  9252 | D:8      | Noticed a cyclops
  9301 | D:8      | Reached skill level 10 in Shields
  9311 | D:8      | Killed a cyclops
  9876 | D:8      | Reached skill level 12 in Fighting
 10080 | D:8      | Bought a +2 shield of protection for 236 gold pieces
 10665 | D:8      | Noticed a two-headed ogre
 10685 | D:8      | Slain by a two-headed ogre

Skill      XL: |  1  2  3  4  5  6  7  8  9 10 |
---------------+-------------------------------+-----
Fighting       | 2 3 4 6 8 10 12 | 12.4
Crossbows      | 2 4 6 |  6.5
Shields        | 2 4 6 9 11 | 11.0
Dodging        | |  2.6
Stealth        | |  3.0

Action                   |  1- 3 |  4- 6 |  7- 9 | 10-12 || total
-------------------------+-------+-------+-------+-------++-------
Melee: Unarmed           |    59 |       |       |       ||    59
       Dagger            |    12 |       |    42 |   100 ||   154
       Tailslap          |     7 |    33 |    50 |    44 ||   134
       Mace              |    66 |    29 |       |       ||    95
       Short sword       |    17 |   213 |   203 |       ||   433
       Flail             |       |       |     6 |       ||     6
       Spear             |       |       |   185 |   159 ||   344
 Fire: Hand crossbow     |       |       |       |    12 ||    12
Throw: Tomahawk          |       |       |     6 |     2 ||     8
Invok: Call Merchant     |       |       |       |     1 ||     1
 Abil: Breathe Steam     |       |       |     7 |     3 ||    10
Evoke: Wand              |       |       |     9 |       ||     9
  Use: Scroll            |     4 |     6 |     8 |       ||    18
       Potion            |       |       |     6 |       ||     6
 Stab: Sleeping          |     4 |     4 |     3 |       ||    11
       Distracted        |       |     3 |     2 |     1 ||     6
       Invisible         |       |       |     1 |       ||     1
  Eat: Chunk             |     1 |     8 |     5 |       ||    14
       Ration            |       |       |     5 |     4 ||     9
Armor: Skin              |    90 |    85 |   169 |    54 ||   398
Dodge: Dodged            |   130 |   125 |   260 |    86 ||   601
Block: Buckler           |     4 |    27 |    49 |       ||    80
       Shield            |       |       |    81 |   149 ||   230
